 Dungeon Crawl Stone Soup version 0.13-a0-2474-g552a472 (webtiles) character file.

111 Rycklaryybbe the Sneak (level 3, -5/18 HPs)
             Began as a Spriggan Skald on July 18, 2013.
             Killed from afar by Terence (8 damage)
             ... with a wand of frost
             ... on Level 2 of the Dungeon.
             The game lasted 00:03:24 (1357 turns).

Rycklaryybbe the Sneak (Spriggan Skald)             Turns: 1357, Time: 00:03:24

HP  -5/18        AC  2     Str  8      XL: 3   Next: 23%
MP  10/10        EV 16     Int 14      God:
Gold 74          SH 10     Dex 15      Spells:  1 memorised,  6 levels left

Res.Fire  : . . .   See Invis. : +   a - +0 short sword
Res.Cold  : . . .   Warding    : .   o - +0 robe
Life Prot.: . . .   Conserve   : .   m - +0 buckler
Res.Poison: .       Res.Corr.  : .   (helmet restricted)
Res.Elec. : .       Clarity    : .   (no cloak)
Sust.Abil.: . .     Spirit.Shd : .   (gloves unavailable)
Res.Mut.  : .       Stasis     : .   (boots unavailable)
Res.Rott. : .       Flight     : .   (no amulet)
Saprovore : . . .                    (no ring)
                                     (no ring)

@: very quick, slightly resistant to hostile enchantments, quite stealthy
A: unfitting armour, see invisible, herbivore 3, speed 3, slow metabolism 2
a: no special abilities


You were on level 2 of the Dungeon.
You were not hungry.

You visited 1 branch of the dungeon, and saw 2 of its levels.

You collected 54 gold pieces.

Inventory:

Hand weapons
 a - a +0,+0 short sword (weapon)
Armour
 b - a +0 robe
 m - a +0 buckler (worn)
 o - a +0 robe (worn)
Comestibles
 f - a lychee
 n - a bread ration
Scrolls
 e - 2 scrolls of magic mapping {unknown}
 g - a scroll of teleportation {unknown}
 j - 2 scrolls of identify {unknown}
 l - a scroll of enchant armour {unknown}
Potions
 d - a potion of porridge
 h - a potion of restore abilities {unknown}
 i - 2 potions of curing {unknown}
 k - a potion of resistance {unknown}
 p - a potion of agility {unknown}
Books
 c - a book of Battle

   Spells                             Type                      Level
   *Infusion                          Charms                       1
   Shroud of Golubria                 Charms/Translocation         2
   Song of Slaying                    Charms                       2
   Spectral Weapon                    Hexes/Charms                 3
   Regeneration                       Charms/Necromancy            3
   Song of Shielding                  Charms                       4


   Skills:
 - Level 1.5 Fighting
 - Level 2.1 Short Blades
 - Level 2.3 Dodging
 + Level 4.7 Stealth
 - Level 2.6 Spellcasting
 - Level 4.4 Charms


You had 6 spell levels left.
You knew the following spells:

 Your Spells              Type           Power        Failure   Level  Hunger
a - Infusion              Chrm           ##....       4%          1    #......


Dungeon Overview and Level Annotations

Branches:
Dungeon (2/27)

Altars:

Annotations
D:2 Terence


Innate Abilities, Weirdness & Mutations

You are tiny and cannot use many weapons and most armour.
You have supernaturally acute eyesight.
You are a herbivore.
You cover ground extremely quickly.
You need consume almost no food.


Message History

You hit the giant cockroach.
The giant cockroach is severely wounded.
The giant cockroach barely misses you.
You hit the giant cockroach.
The giant cockroach is almost dead.
The giant cockroach closely misses you.
You barely miss the giant cockroach.
The giant cockroach is almost dead.
The giant cockroach closely misses you.
You hit the giant cockroach but do no damage.
The giant cockroach is almost dead.
You block the giant cockroach's attack.
You hit the giant cockroach.
You kill the giant cockroach!
Terence zaps a wand.
The puff of frost hits you!
Ouch! That really hurt!
* * * LOW HITPOINT WARNING * * *
Terence says, "Don't bother to defend, it's senseless."
Terence zaps a wand.
The puff of frost hits you!
You die...

#.# #.####.## #.... #.#
##.....#.## #.###
#.###########....%###.# #.###
##.##..........####.#.## #.#..
#..........##### ##.## ###.#.#
#..##.####%#########.####......
#...........<........#....#.#(#
###...#.####.######..............
........####....@........)....###
........%..@..#####.#...%.....###
###...######.## #.#............
#...# #.# # #.........### #.#.$
#.# ##.#....### #..... ..#
#.#....##### ###.## ###
#.#......... #.. #.......#### ###
####.##.#


You could see Terence.

Vanquished Creatures
  A giant mite (D:1)
  A worm (D:1)
  3 giant cockroaches
  A hobgoblin (D:2)
  A kobold (D:2)
  A ball python (D:2)
  5 bats
  A giant newt (D:2)
  7 goblins
  6 rats
27 creatures vanquished.

Notes
Turn   | Place    | Note
--------------------------------------------------------------
     0 | D:1      | Rycklaryybbe, the Spriggan Skald, began the quest for the Orb.
     0 | D:1      | Reached XP level 1. HP: 10/10 MP: 4/4
   257 | D:1      | Reached XP level 2. HP: 11/14 MP: 3/7
   941 | D:2      | Reached XP level 3. HP: 18/18 MP: 10/10
  1338 | D:2      | Noticed Terence
  1357 | D:2      | Killed from afar by Terence

Action                   || total
-------------------------++-------
Melee: Short sword       ||   105
 Cast: Infusion          ||     3
 Stab: Sleeping          ||     6
